 Dungeon Crawl Stone Soup version 0.30.0-15-g856e2d3f33 (webtiles) character file.

Game seed: 4408453868665139212

75 SnakkuSnakku7 the Trooper (level 4, -1/38 HPs)
             Began as a Ghoul Hexslinger on May 19, 2023.
             Slain by an adder (4 damage)
             ... on level 4 of the Dungeon.
             The game lasted 00:02:32 (1373 turns).

SnakkuSnakku7 the Trooper (Ghoul Hexslinger)        Turns: 1373, Time: 00:02:32

Health: -1/38      AC:  5    Str: 15    XL:     4   Next: 31%
Magic:  4/4        EV: 11    Int:  8    God:
Gold:   99         SH:  0    Dex:  9    Spells: 4/5 levels left

rFire   . .          .
                       - Unarmed
rCold   + . .        (no shield)
rNeg    + + +        k - +2 leather armour {rPois}
rPois   ∞            (no helmet)
rElec   .            (no cloak)
rCorr   .            (no gloves)
SInv    .            (no boots)
Will    .....        (no amulet)
Stlth   +            (no ring)
HPRegen 0.00/turn    (no ring)
MPRegen 0.09/turn

%: no passive effects
@: inhibited regen
A: claws 1, cold resistance 1, negative energy resistance 3, inhibited
regeneration, torment resistance 2, devour on kill
a: no special abilities


You were on level 4 of the Dungeon.
You visited 1 branch of the dungeon, and saw 4 of its levels.

You collected 99 gold pieces.

Inventory:

Hand Weapons
 a - a +1 sling
Armour
 c - a +0 robe
 e - a +0 ring mail
 k - a +2 leather armour of poison resistance (worn)
Jewellery
 g - an amulet of faith
Scrolls
 b - 2 scrolls of poison
 d - 4 scrolls of identify {unknown}
 f - a scroll of vulnerability {unknown}
 h - a scroll of brand weapon {unknown}
 j - 2 scrolls of fear {unknown}
Potions
 i - a potion of curing {unknown}


   Skills:
 + Level 3.2 Fighting
 - Level 1.7 Ranged Weapons
 - Level 1.7 Dodging
 + Level 2.8 Unarmed Combat
 - Level 1.0 Spellcasting
 - Level 2.4 Hexes


You had 4 spell levels left.
You knew the following spells:

 Your Spells              Type           Power      Damage    Failure   Level
a - Slow                  Hex            16%        N/A       19%         1

Your spell library contained the following spells:

 Spells                   Type           Power      Damage    Failure   Level
 Inner Flame              Hex/Fire       2%         N/A       65%         3
 Portal Projectile        Hex/Tloc       4%         N/A       65%         3
 Cause Fear               Hex            2%         N/A       88%         4
 Malign Gateway           Summ/Tloc      0%         N/A       100%        7
 Summon Horrible Things   Summ           0%         N/A       100%        8


Dungeon Overview and Level Annotations

Branches:
Dungeon (4/15)
 Temple: D:4-7

Altars:

Shops:
D:1 :


Innate Abilities, Weirdness & Mutations

You are immune to poison.
You have sharp fingernails.
Your flesh is cold resistant. (rC+)
You are immune to negative energy. (rN+++)
You do not regenerate when monsters are visible.
You are immune to unholy pain and torment.
You thrive by killing the living.


Message History

You completely miss the gnoll. The adder closely misses you.
The ball python bites you. The ball python grabs you.
The ball python constricts you. The gnoll hits you with a +0 whip.
Unknown command.
You closely miss the ball python. The adder bites you.
The ball python bites you. The ball python constricts you.
The gnoll closely misses you. The adder barely misses you.
Unknown command.
You scratch the ball python.
You kill the ball python!
You feel better. The gnoll hits you with a +0 whip.
The adder closely misses you.
Unknown command.
You are too injured to fight recklessly!
You are too injured to fight recklessly!
Unknown command.
You are too injured to fight recklessly!
You are too injured to fight recklessly!
Unknown command.
You are too injured to fight recklessly!
You are too injured to fight recklessly!
You scratch the gnoll.
The gnoll is moderately wounded.
The adder bites you. The gnoll hits you with a +0 whip.
You barely miss the gnoll.
The gnoll is moderately wounded.
The adder bites you.
* * * LOW HITPOINT WARNING * * *
The gnoll hits you with a +0 whip.
* * * LOW HITPOINT WARNING * * *
You scratch the gnoll.
The gnoll is heavily wounded.
The adder bites you.
* * * LOW HITPOINT WARNING * * *
The gnoll hits you with a +0 whip.
* * * LOW HITPOINT WARNING * * *
You scratch the gnoll.
The gnoll is severely wounded.
The adder bites you.
You die...

## .#
####S######
#.g@†......
#...#.######
#... .#
..... .#
#..... .#
#..... .#
###... ##
#...


You could see a gnoll and an adder.

Vanquished Creatures
  3 adders (D:2)
  A worm (D:2)
  2 dart slugs
  4 bats
  5 endoplasms
  A giant cockroach (D:1)
  4 goblins
  5 hobgoblins
  A jackal (D:2)
  3 quokkas
  4 ball pythons
  2 kobolds (D:2)
  5 rats
40 creatures vanquished.

Notes
Turn   | Place    | Note
-------+----------+-------------------------------------------
     0 | D:1      | SnakkuSnakku7 the Ghoul Hexslinger began the quest for the
                  | Orb.
     0 | D:1      | Reached XP level 1. HP: 16/16 MP: 1/1
    74 | D:1      | Found Ulluhav's Book Shop.
   201 | D:1      | Reached skill level 1 in Unarmed Combat
   201 | D:1      | Reached XP level 2. HP: 12/24 MP: 2/2
   301 | D:1      | Reached skill level 2 in Fighting
   419 | D:1      | Reached XP level 3. HP: 27/29 MP: 3/3
   991 | D:2      | Reached skill level 3 in Fighting
   991 | D:2      | Reached XP level 4. HP: 32/38 MP: 4/4
  1216 | D:3      | HP: 1/38 [gnoll/+0 whip (5)]
  1373 | D:4      | Slain by an adder

Illustrated notes

Levels and vault maps discovered:
D:1:      dpeg_arrival_round_a, layout_basic, serial_shops,
          nicolae_book_shop_shelving, kennysheep_flooded_box
D:2:      layout_basic, minmay_close_crescents
D:3:      layout_rooms, lemuel_round_altar, lemuel_zombie_altar_kikubaaqudgha,
          minmay_checkerbox
D:4:      layout_loops_cross, nicolae_overflow_hidden_temple,
          minmay_temple_entry_junction_2, serial_shops, nicolae_shop_stone,
          uniq_robin

Skill      XL: |  1  2  3 |
---------------+----------+-----
Unarmed Combat | 1 2 |  2.8
Fighting       | 2 3 |  3.2
Ranged Weapons | |  1.7
Dodging        | |  1.7
Spellcasting   | |  1.0
Hexes          | |  2.4

Action                     |  1- 3 |  4- 6 || total
---------------------------+-------+-------++-------
  Melee: Unarmed           |   114 |    31 ||   145
         Punch             |       |     1 ||     1
   Fire: Sling             |    34 |       ||    34
   Cast: Slow              |     2 |       ||     2
 Armour: Robe              |     7 |       ||     7
         Ring mail         |    43 |     1 ||    44
         Leather armour    |       |     9 ||     9
  Dodge: Dodged            |    80 |    24 ||   104
